 Dungeon Crawl Stone Soup version 0.21.1-1-g345015fe64 (webtiles) character file.

33 Revguard the Skirmisher (level 3, -12/29 HPs)
             Began as a Demonspawn Abyssal Knight on June 5, 2018.
             Was a Follower of Lugonu.
             Killed by nerve-wracking pain
             ... invoked by an orc priest
              (14 damage)
             ... on level 2 of the Dungeon.
             The game lasted 00:06:23 (1133 turns).

Revguard the Skirmisher (Demonspawn Abyssal Knight) Turns: 1133, Time: 00:06:24

Health: -12/29     AC:  5    Str: 13    XL:     3   Next: 12%
Magic:  4/4        EV: 11    Int: 13    God:    Lugonu [*.....]
Gold:   47         SH:  0    Dex: 12    Spells: 4/4 levels left

rFire    . . .     SeeInvis .   a - +1 falchion
rCold    . . .     Gourm    .   (no shield)
rNeg     . . .     Faith    .   b - +0 leather armour
rPois    .         Spirit   .   (no helmet)
rElec    .         Reflect  .   (no cloak)
rCorr    .         Harm     .   (no gloves)
MR       .....                  (no boots)
Stlth    +.........             (no amulet)
HPRegen  0.09/turn              (no ring)
MPRegen  0.09/turn              (no ring)

@: no status effects
A: molten scales 1
a: Depart the Abyss, Renounce Religion


You were on level 2 of the Dungeon.
You worshipped Lugonu.
Lugonu was aware of your devotion.
You were hungry.

You visited 1 branch of the dungeon, and saw 2 of its levels.
You visited the Abyss 1 time.

You collected 47 gold pieces.

Inventory:

Hand Weapons
 a - a +1 falchion (weapon)
Armour
 b - a +0 leather armour (worn)
Scrolls
 d - 2 scrolls of fog {unknown}
 g - a scroll of remove curse {unknown}
 h - 2 scrolls of identify {unknown}
Potions
 e - a potion of curing {unknown}
 f - a potion of heal wounds {unknown}
Comestibles
 c - 3 rations


   Skills:
 + Level 3.5 Fighting
 + Level 2.0 Long Blades
 + Level 1.8 Armour
 + Level 1.0 Dodging
 * Level 1.2 Spellcasting
 + Level 2.5 Invocations


You had 4 spell levels left.
You didn't know any spells.

Dungeon Overview and Level Annotations

Branches:
Dungeon (2/15)

Altars:


Innate Abilities, Weirdness & Mutations

You are partially covered in molten scales. (AC +2)


Message History

The orc priest shouts!
You hear a shout! x2
The hobgoblin closely misses you.
You hit the hobgoblin.
You kill the hobgoblin!
Lugonu accepts your kill.
You see here a hobgoblin corpse.
The orc priest hits you but does no damage.
You closely miss the orc priest.
The orc priest calls down the wrath of Beogh upon you.
Beogh smites you!
* * * LOW HITPOINT WARNING * * *
You hit the orc priest.
The orc priest is moderately wounded.
The orc priest closely misses you.
You riposte.
You barely miss the orc priest.
The orc priest is moderately wounded.
You closely miss the orc priest.
The orc priest is moderately wounded.
The orc priest mumbles some strange prayers to Beogh against you.
Pain shoots through your body!
You die...

##### #...#
###...#######
#.......#...#
#.......o...#######
#......@#.†........
###†..####.........
#...# #.w....###
###<### #.....##
#.....# #..#.#.#
###.###.# #..#..#.#
#...# #.#
#..#.###.##
#.#.###.# #...##
#.. #.#....w#
#.$..## .#


You could see an orc priest.

Vanquished Creatures
  A worm (D:2)
  2 dart slugs (D:1)
  A leopard gecko (D:1)
  3 giant cockroaches (D:1)
  4 hobgoblins
  4 jackals (D:1)
  A kobold (D:1)
  3 bats
  2 frilled lizards
  2 rats
23 creatures vanquished.

Notes
Turn   | Place    | Note
-------+----------+-------------------------------------------
     0 | Abyss:1  | Revguard the Demonspawn Abyssal Knight began the quest for the Orb.
     0 | Abyss:1  | Reached XP level 1. HP: 18/18 MP: 2/2
     1 | Abyss:1  | Found a corrupted altar of Lugonu.
    23 | Abyss:1  | Found a shimmering altar of Xom.
   126 | Abyss:1  | Noticed a ynoxinul
   145 | Abyss:1  | Noticed a necromancer
   150 | Abyss:1  | Noticed a quasit
   152 | D:1      | Escaped the Abyss
   357 | D:1      | Gained mutation: You are partially covered in molten scales. (AC +2) [demonic ancestry]
   357 | D:1      | Reached XP level 2. HP: 24/24 MP: 3/3
   463 | D:1      | Reached * piety under Lugonu
   611 | D:1      | Reached skill level 1 in Spellcasting
  1016 | D:2      | Reached skill level 1 in Dodging
  1016 | D:2      | Reached XP level 3. HP: 24/29 MP: 4/4
  1131 | D:2      | HP: 1/29 [orc priest/divine providence (11)]
  1133 | D:2      | Killed from afar by an orc priest

Skill      XL: |  1  2 |
---------------+-------+-----
Spellcasting   | 1 |  1.2
Long Blades    | 2 |  2.0
Dodging        | 1 |  1.0
Fighting       | |  3.5
Armour         | |  1.8
Invocations    | |  2.5

Action                   || total
-------------------------++-------
Melee: Falchion          ||    68
Invok: Depart the Abyss  ||     1
Armor: Leather armour    ||    40
Dodge: Dodged            ||    58
       Rpst.: Falchion   ||    25
